 Dungeon Crawl Stone Soup version 0.25.1-2-g60ff931df9 (webtiles) character file.

Game seed: 9663424682474122476

394746 Erymatos the Hoplite (level 22, -4/195 HPs)
             Began as a Minotaur Berserker on Nov 11, 2020.
             Was a High Priest of Trog.
             Slain by an acid blob (14 damage)
             ... on level 5 of the Pits of Slime.
             The game lasted 03:01:17 (48136 turns).

Erymatos the Hoplite (Minotaur Berserker)          Turns: 48136, Time: 03:01:18

Health: -4/195     AC: 46    Str: 46    XL:     22   Next: 16%
Magic:  17/21      EV: 20    Int: 12    God:    Trog [*****.]
Gold:   3553       SH:  0    Dex: 25    Spells: 21/21 levels left

rFire    + + +     SeeInvis .   T - +7 broad axe of Uncertain Death {flame, rPois rN+ Dex+4}
rCold    + . .     Gourm    .   C - +5 kite shield "Izeuc" {rPois Str+5}
rNeg     + + .     Faith    +   b - +8 crystal plate armour of Wasted Space {+Fly rN+ Dex-3 Slay+2}
rPois    +         Spirit   .   v - +2 hat
rElec    .         Reflect  .   V - scarf {rC+ rF+}
rCorr    +         Harm     .   r - +3 pair of gloves of Broken Taboos {rF+ Str-5 Int+3 Dex+4}
MR       +....                  s - +2 pair of boots of Floral Beauty {Str+5 Int+5}
Stlth    ..........             J - amulet of Saurghacy {Faith Fragile Str+7 Dex+2 Stlth+}
HPRegen  0.42/turn              S - ring of resist corrosion
MPRegen  0.17/turn              A - ring "Mowi" {rF++ Str+6 Dex+4 Stlth+}

@: confused, berserk cooldown, slowed, very slow
A: retaliatory headbutt, horns 2, deterioration 2, frail 1, no potion heal 1,
subdued magic 1
}: 2/15 runes: barnacled, gossamer
a: Berserk, Trog's Hand, Brothers in Arms, Renounce Religion, Evoke Flight


You were on level 5 of the Pits of Slime.
You worshipped Trog.
Trog was extremely pleased with you.
You were not hungry.

You visited 9 branches of the dungeon, and saw 44 of its levels.
You also visited: Volcano and Desolation.

You collected 5185 gold pieces.
You spent 1632 gold pieces at shops.

Inventory:

Hand Weapons
 t - the +14 obsidian axe {vorpal, +Fly SInv *Curse}
   (You acquired it on level 1 of the Lair of Beasts)

   It inflicts extra damage upon your enemies.
   It lets you see invisible.
   It lets you fly.
   It curses itself when equipped.
 P - the +8 war axe of Defiance {antimagic, rElec Int+2}
   (You took it off a deep elf demonologist on level 3 of the Elven Halls)

   It reduces the magical energy of the wielder, and disrupts the spells and
   magical abilities of those hit.
   Natural abilities and divine invocations are not affected.
   It affects your intelligence (+2).
   It insulates you from electricity.
 Q - the +5 war axe of Disharmony {drain, rElec MR+}
   (You found it on level 8 of the Dungeon)

   A truly terrible weapon, it drains the life of those it strikes.
   It insulates you from electricity.
   It affects your resistance to hostile enchantments.
 T - the +7 broad axe of Uncertain Death (weapon) {flame, rPois rN+ Dex+4}
   (You took it off a deep elf demonologist on level 3 of the Elven Halls)

   It has been specially enchanted to burn those struck by it, causing extra
   injury to most foes and up to half again as much damage against particularly
   susceptible opponents.
   Big, fiery blades are also staple armaments of hydra-hunters.
   It affects your dexterity (+4).
   It protects you from poison.
   It protects you from negative energy.
 X - the +7 broad axe of Nightmares {vorpal, rN+ Int+4}
   (Trog gifted it to you on level 12 of the Dungeon)

   It inflicts extra damage upon your enemies.
   It affects your intelligence (+4).
   It protects you from negative energy.
Armour
 b - the +8 crystal plate armour of Wasted Space (worn) {+Fly rN+ Dex-3 Slay+2}
   (You found it in the Desolation of Salt)

   It affects your dexterity (-3).
   It affects your accuracy and damage with ranged weapons and melee attacks
   (+2).
   It protects you from negative energy.
   It lets you fly.
 k - a +1 cloak of poison resistance
 r - the +3 pair of gloves of Broken Taboos (worn) {rF+ Str-5 Int+3 Dex+4}
   (You found it on level 3 of the Elven Halls)

   It affects your strength (-5).
   It affects your intelligence (+3).
   It affects your dexterity (+4).
   It protects you from fire.
 s - the +2 pair of boots of Floral Beauty (worn) {Str+5 Int+5}
   (You found it on level 2 of the Vaults)

   It affects your strength (+5).
   It affects your intelligence (+5).
 v - a +2 hat (worn)
 y - a +2 pair of boots of flying
 C - the +5 kite shield "Izeuc" (worn) {rPois Str+5}
   (You found it on level 1 of the Lair of Beasts)

   It affects your strength (+5).
   It protects you from poison.
 V - a scarf of resistance (worn)
 Z - a scarf of harm
Jewellery
 n - the amulet of Attitude {Acrobat rPois rC+ Str+2 Int+2}
   (You found it in the Desolation of Salt)

   [amulet of the acrobat]

   It helps you evade while moving and waiting.
   It affects your strength (+2).
   It affects your intelligence (+2).
   It protects you from cold.
   It protects you from poison.
 u - the amulet "Salastuj" {Reflect *Slow +Inv rElec Dex+4 SH+5}
   (You found it on level 4 of the Dungeon)

   [amulet of reflection]

   It shields you and reflects attacks.
   It affects your dexterity (+4).
   It insulates you from electricity.
   It lets you turn invisible.
   It may slow you when you take damage.
   It affects your SH (+5).
 w - the ring of Qazlal's Indignation {rPois rC++ MR- Str+3 Dex+6}
   (You found it in the Desolation of Salt)

   [ring of dexterity]

   It affects your strength (+3).
   It affects your dexterity (+6).
   It greatly protects you from cold.
   It protects you from poison.
   It affects your resistance to hostile enchantments.
 A - the ring "Mowi" (right hand) {rF++ Str+6 Dex+4 Stlth+}
   (You found it in the Desolation of Salt)

   [ring of strength]

   It affects your strength (+6).
   It affects your dexterity (+4).
   It greatly protects you from fire.
   It makes you more stealthy.
 B - the ring "Fistell" {rF+ MR+}
   (You took it off a deep elf mage on level 3 of the Elven Halls)

   [ring of protection from fire]

   It protects you from fire.
   It affects your resistance to hostile enchantments.
 J - the amulet of Saurghacy (around neck) {Faith Fragile Str+7 Dex+2 Stlth+}
   (You found it on level 1 of the Spider Nest)

   [amulet of faith]

   It allows you to gain divine favour quickly.
   It affects your strength (+7).
   It affects your dexterity (+2).
   It will be destroyed if unequipped.
   It makes you more stealthy.
 R - an uncursed ring of positive energy
 S - a ring of resist corrosion (left hand)
Wands
 p - a wand of digging (3)
 N - a wand of clouds (16)
Scrolls
 d - 11 scrolls of identify
 e - 5 scrolls of fear
 f - 16 scrolls of teleportation
 h - 12 scrolls of fog
 i - 14 scrolls of remove curse
 j - 6 scrolls of enchant weapon
 x - 8 scrolls of enchant armour
 z - 9 scrolls of magic mapping
 F - 2 scrolls of silence
 G - a scroll of holy word
 I - a scroll of brand weapon
 K - 5 scrolls of blinking
 L - a scroll of summoning
 O - 5 scrolls of immolation
 W - 4 scrolls of vulnerability
Potions
 a - 7 potions of lignification
 g - 6 potions of might
 l - 19 potions of curing
 m - 3 potions of heal wounds
 o - 8 potions of stabbing
 q - 10 potions of mutation
 E - 2 potions of resistance
 H - 6 potions of haste
 U - 5 potions of ambrosia
Miscellaneous
 M - a tin of tremorstones (3/3)
Comestibles
 c - 50 rations


   Skills:
 + Level 22.5 Fighting
 + Level 22.9 Axes
 * Level 20.8 Armour
 + Level 12.3 Dodging
 - Level 0.8 Stealth
 - Level 23.3 Shields
 + Level 0.5 Evocations


You had 21 spell levels left.
You didn't know any spells.
Your spell library contained the following spells:

 Spells                   Type           Power        Failure   Level  Hunger
 Animate Skeleton         Necr           N/A          80%         1    ##.....
 Pain                     Necr           #...         80%         1    ##.....
 Shock                    Conj/Air       #...         80%         1    ##.....
 Swiftness                Chrm/Air       #.......     90%         2    ###....
 Confusing Touch          Hex            #.......     99%         3    ####...
 Conjure Flame            Conj/Fire      #.......     99%         3    ####...
 Gell's Gravitas          Tloc           #.........   99%         3    ####...
 Static Discharge         Conj/Air       #.......     99%         3    ####...
 Airstrike                Air            #.........   100%        4    #####..
 Animate Dead             Necr           N/A          100%        4    #####..
 Petrify                  Tmut/Erth      #.......     100%        4    #####..
 Agony                    Necr           #.......     100%        5    ######.
 Bolt of Magma            Conj/Fire/Erth #.........   100%        5    ######.
 Excruciating Wounds      Chrm/Necr      #.........   100%        5    ######.
 Iskenderun's Battlesphe  Conj/Chrm      #.......     100%        5    ######.
 Metabolic Englaciation   Hex/Ice        #.........   100%        5    ######.
 Yara's Violent Unravell  Hex/Tmut       #.........   100%        5    ######.
 Orb of Destruction       Conj           #.........   100%        7    #######
 Tornado                  Air            #.........   100%        9    #######


Dungeon Overview and Level Annotations

Branches:
Dungeon (15/15)            Temple (0/1) D:4            Lair (6/6) D:10
 Shoals (4/4) Lair:2       Spider (4/4) Lair:4        Slime (5/5) Lair:5
    Orc (2/2) D:10            Elf (3/3) Orc:2        Vaults (4/5) D:13
  Crypt (0/3) Vaults:2     Depths (0/5) D:15           Hell (visited)
Volcano (visited)         Desolation (visited)
    Dis: Hell:1         Geh: Hell:1         Coc: Hell:1         Tar: Hell:1

Altars:
Ashenzari
Cheibriados
Dithmenos
Elyvilon
Fedhas
Gozag
Hepliaklqana
Kikubaaqudgha
Makhleb
Nemelex Xobeh
Okawaru
Qazlal
Xom
Zin
Beogh
Jiyva

Shops:
D:5 [   D:8 [   D:9 %   D:11 %   D:15 }   Orc:2 ?:!*   Elf:3 *   Shoals:1 *
Vaults:2 *((}}   Vaults:3 [

Portals:
Hell: Lair:6

Annotations:
Hell Geryon


Innate Abilities, Weirdness & Mutations

You reflexively headbutt those who attack you in melee.
You have a pair of horns on your head.
Your body often deteriorates upon taking damage.
You are frail. (-10% HP)
Potions are less effective at restoring your health.
Your spells are a little easier to cast, but a little less powerful.


Message History

You are splashed with acid.
You resist.
* * * LOW HITPOINT WARNING * * *
The golden eye turns its gaze towards you.
The acid blob spits acid at you. The splash of acid hits you. You resist.
* * * LOW HITPOINT WARNING * * *
You are splashed with acid!
You resist.
* * * LOW HITPOINT WARNING * * *
Unknown command.
You miss the golden eye. You headbutt the golden eye!
You kill the golden eye!
Trog accepts your kill.
You slash the acid blob! You burn the acid blob.
Your hands burn!
* * * LOW HITPOINT WARNING * * *
The acid blob hits you.
* * * LOW HITPOINT WARNING * * *
You are splashed with acid.
You resist.
* * * LOW HITPOINT WARNING * * *
The acid blob hits you!
You die...

................#
...............##
...............#
..............##
...............#
..............##
..............#
........J...#.#
........@...###
............#
..........#..#
...........###
............
........###.#
......... ##
.....^.


You could see an acid blob.

Vanquished Creatures
  Saint Roka (Vaults:3)
  Nikola (Shoals:3)
  3 deep elf blademasters
  Asterion (Spider:1)
  A deep elf master archer (Elf:3)
  10 acid blobs
  Polyphemus (Shoals:2)
  A sphinx (Vaults:3)
  Roxanne (Elf:3)
  Ilsuiw (Shoals:3)
  6 azure jellies
  A frost giant (Vaults:4)
  A fire giant (Vaults:4)
  Louise (Spider:4)
  7 vault wardens
  2 deep elf sorcerers
  A ghost moth (Spider:4)
  4 imperial myrmidons (Desolation)
  6 emperor scorpions
  Aizul (Shoals:4)
  4 deep elf elementalists (Elf:3)
  5 entropy weavers
  5 ironheart preservers
  9 stone giants
  A vampire knight (Vaults:2)
  5 deep elf demonologists
  2 halazid warlocks (Desolation)
  A spark wasp (Spider:4)
  The ghost of lysyklops the Fighter, a journeyman MiBe of Trog (Lair:4)
  3 deep elf annihilators (Elf:3)
  3 ettins
  An eidolon (Vaults:2)
  3 death oozes
  8 merfolk javelineers
  5 deep elf death magi
  A fire dragon (Vaults:4)
  6 merfolk impalers (Shoals:4)
  4 great orbs of eyes
  A deep elf high priest (Elf:3)
  8 ragged hierophants (Desolation)
  Harold (D:11)
  6 yaktaur captains
  15 vault guards
  12 hydras
  An ice dragon (Vaults:2)
  2 alligator snapping turtles
  9 servants of whispers (Desolation)
  2 catoblepae
  A peacekeeper (Desolation)
  Erica (D:9)
  5 centaur warriors
  A rakshasa (Vaults:3)
  4 merfolk avatars (Shoals:4)
  2 tengu warriors (D:14)
  A death knight (Vaults:4)
  4 merfolk aquamancers (Shoals:4)
  14 death yaks
  5 ogre magi
  A deep troll shaman (Vaults:2)
  2 satyrs
  21 dancing weapons
  12 two-headed ogres
  8 death scarabs (Spider:4)
  A vampire mage (Vaults:2)
  3 deep troll earth magi
  25 deep elf knights
  3 orc high priests
  Urug (Orc:1)
  A fire crab (shapeshifter) (Vaults:2)
  3 sun demons
  A shadow wraith (Vaults:2)
  A spectral emperor scorpion (Spider:4)
  11 sea snakes
  A death drake (shapeshifter) (Vaults:3)
  3 glowing orange brains
  A small abomination (Elf:3)
  2 wizards
  2 unseen horrors
  7 deep trolls
  A flayed ghost (Vaults:3)
  17 deep elf archers
  13 ironbrand convokers
  A lindwurm (Lair:4)
  A tengu zombie (Vaults:4)
  4 spectral wolf spiders (Spider:4)
  4 necromancers
  32 wolf spiders
  9 harpies
  57 deep elf magi
  20 ugly things
  4 cyclopes
  11 orc knights
  5 orb spiders
  3 oklob plants (Lair:3)
  3 large abominations (Elf:1)
  13 shining eyes
  12 fauns
  An orc sorcerer (Orc:2)
  4 guardian serpents
  A moth of wrath (shapeshifter) (D:15)
  9 manticores
  10 merfolk sirens
  13 elephants
  3 moths of wrath
  A stone giant skeleton (Vaults:4)
  8 black mambas
  A guardian serpent (shapeshifter) (D:15)
  8 vault sentinels
  3 molten gargoyles
  7 water nymphs
  3 eyes of devastation
  A centaur zombie (D:13)
  3 black mambas (shapeshifter)
  12 spiny frogs
  2 torpor snails
  Joseph (D:10)
  2 orange demons (Lair:6)
  Maggie (Lair:2)
  A spiny frog (shapeshifter) (Vaults:3)
  2 komodo dragons (shapeshifter)
  28 yaktaurs
  3 komodo dragons
  6 demonic crawlers
  A human zombie (Vaults:4)
  3 spectral redbacks (Spider:4)
  An efreet (Volcano)
  A kobold demonologist (D:11)
  6 rime drakes
  3 ice devils (Lair:6)
  5 freezing wraiths
  2 redback zombies (Spider:4)
  A hellwing (Lair:6)
  3 polar bears
  A meliai (shapeshifter) (Elf:2)
  25 jumping spiders
  6 trolls
  17 merfolk
  A queen bee (Lair:4)
  A jumping spider zombie (Spider:4)
  A troll (shapeshifter) (Vaults:2)
  51 saltlings
  A spectral jumping spider (Spider:4)
  A polar bear (shapeshifter) (D:15)
  3 meliai (Lair:4)
  4 wind drakes
  17 blink frogs
  A blink frog (shapeshifter) (Vaults:3)
  81 slime creatures
  A raiju (shapeshifter) (Vaults:1)
  3 spectral tarantellas (Spider:4)
  3 tarantella zombies (Spider:4)
  7 hornets
  A dream sheep (Lair:6)
  10 hippogriffs
  A dream sheep (shapeshifter) (Vaults:4)
  6 snapping turtles
  A hippogriff (shapeshifter) (Vaults:2)
  19 tarantellas
  54 redbacks
  4 air elementals
  3 shadows
  3 wraiths
  2 water elementals
  Sigmund (D:2)
  2 redbacks (shapeshifter)
  8 wyverns
  2 fire bats (Volcano)
  3 spriggans (Lair:4)
  62 yaks
  A yak (shapeshifter) (Vaults:1)
  3 fire elementals
  A hungry ghost (D:10)
  5 golden eyes
  3 vampire mosquitoes (D:13)
  5 basilisks
  11 wargs
  A soldier ant (shapeshifter) (Vaults:1)
  A soldier ant (D:12)
  12 water moccasins
  A water moccasin (shapeshifter) (D:15)
  14 porcupines
  5 hell hounds (Lair:6)
  A floating eye (Slime:3)
  4 ice beasts
  33 orc warriors
  A swamp drake (D:10)
  2 sky beasts
  A hornet zombie (D:6)
  A black bear (shapeshifter) (Vaults:4)
  5 phantoms
  A boggart (Lair:4)
  5 eyes of draining
  A necrophage (D:10)
  A black bear (D:13)
  5 wolves
  19 ogres
  26 centaurs
  Blork the orc (D:6)
  A big kobold (D:11)
  14 crocodiles
  18 bullfrogs
  3 elf zombies (Elf:1)
  2 wyvern zombies
  5 earth elementals
  A gnoll sergeant (D:11)
  4 scorpions
  39 killer bees
  A human simulacrum (Vaults:2)
  7 wights
  3 electric eels
  2 howler monkeys (D:10)
  8 lava snakes (Volcano)
  5 crimson imps
  A quasit (D:13)
  3 bullfrog zombies
  5 hounds
  25 orc priests
  A gnoll shaman (D:4)
  8 jellies
  4 centaur skeletons
  Crazy Yiuf (D:6)
  5 iguanas
  18 orc wizards
  8 worker ants
  A killer bee zombie (D:9)
  A hound zombie (D:5)
  2 hound skeletons
  2 worker ant zombies
  Robin (D:4)
  9 gnolls
  12 adders
  3 shadow imps
  10 oozes
  2 adder skeletons (D:7)
  2 adder zombies
  5 worms
  A dart slug (D:3)
  An adder simulacrum (D:6)
  10 leopard geckos
  106 orcs
  3 giant cockroaches
  14 goblins
  5 hobgoblins
  9 jackals
  5 quokkas
  4 ball pythons
  6 bats
  3 frilled lizards
  11 kobolds
  A leopard gecko skeleton (D:5)
  A quokka simulacrum (D:6)
  13 rats
  3 bushes (Elf:2)
  3 fungi
  9 plants
1720 creatures vanquished.

Vanquished Creatures (collateral kills)
  Mennas (Vaults:2)
  A deep elf master archer (Elf:3)
  An azure jelly (Slime:1)
  A deep elf demonologist (Elf:3)
  3 deep elf annihilators (Elf:3)
  A deep elf high priest (Elf:3)
  A servant of whispers (Desolation)
  A vault guard (D:13)
  6 death yaks (D:10)
  A dancing weapon (Elf:3)
  4 orc high priests (Orc:2)
  A deep elf knight (Elf:3)
  2 orb spiders (Spider:4)
  A deep elf mage (Elf:3)
  A wolf spider (Spider:4)
  6 slime creatures (Slime:1)
  A centaur skeleton (D:13)
  A demonic crawler (Spider:4)
  4 jumping spiders
  A saltling (Desolation)
  A spectral jumping spider (Spider:4)
  5 redbacks
  3 tarantellas
  An earth elemental (Elf:3)
  14 orc priests (Orc:2)
  2 hounds (D:10)
  10 orcs (Orc:2)
75 creatures vanquished.

Vanquished Creatures (others)
  2 merfolk aquamancers (Shoals:4)
  The ghost of Goaboa the Chopper, a novice HOFi of Makhleb (D:6)
  An orb spider (Spider:3)
  A saltling (Desolation)
  A snapping turtle (Shoals:4)
  4 fungi
  9 plants
19 creatures vanquished.

Grand Total: 1814 creatures vanquished

Notes
Turn   | Place    | Note
-------+----------+-------------------------------------------
     0 | D:1      | Erymatos the Minotaur Berserker began the quest for the
                  | Orb.
     0 | D:1      | Reached XP level 1. HP: 19/19 MP: 0/0
   333 | D:1      | You fall into a shaft and drop 1 floor!
   333 | D:2      | Found a shattered altar of Ashenzari.
   340 | D:2      | Reached XP level 2. HP: 16/27 MP: 1/1
   572 | D:2      | Reached XP level 3. HP: 33/33 MP: 2/2
   820 | D:2      | Noticed Sigmund
   835 | D:2      | Killed Sigmund
   835 | D:2      | Reached skill level 5 in Fighting
   835 | D:2      | Reached skill level 5 in Axes
   835 | D:2      | Reached XP level 4. HP: 42/42 MP: 3/3
   835 | D:2      | Reached XP level 5. HP: 48/48 MP: 4/4
  1350 | D:2      | Reached ** piety under Trog
  1861 | D:2      | Found a hazy altar of Hepliaklqana.
  2650 | D:3      | Reached XP level 6. HP: 55/56 MP: 5/5
  3084 | D:3      | Reached *** piety under Trog
  3309 | D:4      | Noticed Robin
  3323 | D:4      | Killed Robin
  3345 | D:4      | Reached skill level 1 in Shields
  3408 | D:4      | Got a crude graven amulet
  3507 | D:4      | Reached XP level 7. HP: 19/62 MP: 6/6
  3608 | D:4      | Reached skill level 2 in Shields
  3867 | D:4      | Identified the amulet "Salastuj" {Reflect *Slow +Inv rElec
                  | Dex+4 SH+5} (You found it on level 4 of the Dungeon)
  3877 | D:4      | Found a staircase to the Ecumenical Temple.
  4576 | D:5      | Entered Level 5 of the Dungeon
  4582 | D:5      | Reached skill level 3 in Shields
  4634 | D:5      | Reached XP level 8. HP: 65/71 MP: 7/7
  4762 | D:5      | Reached **** piety under Trog
  4827 | D:5      | Reached skill level 4 in Shields
  4889 | D:5      | Found Ewonwola's Armour Shoppe.
  4895 | D:5      | Bought a +2 pair of boots for 181 gold pieces
  5243 | D:5      | Found an opulent altar of Gozag.
  5532 | D:6      | Reached skill level 5 in Armour
  5532 | D:6      | Reached skill level 5 in Dodging
  5751 | D:6      | Got a crystal whip
  5752 | D:6      | Identified the cursed +3 whip "Ultimatum" {freeze, rF++ MR-
                  | Str+9 SInv} (You found it on level 6 of the Dungeon)
  6020 | D:6      | Found a white marble altar of Elyvilon.
  6148 | D:6      | Reached XP level 9. HP: 69/79 MP: 8/8
  6208 | D:6      | Found a runed translucent gate.
  6209 | D:6      | Found a runed translucent gate.
  6209 | D:6      | Found a runed translucent gate.
  6211 | D:6      | Noticed Goaboa's ghost (novice HOFi)
  6390 | D:6      | Found a runed translucent door.
  6391 | D:6      | Noticed Crazy Yiuf
  6573 | D:6      | Noticed Blork the orc
  6583 | D:6      | Killed Blork the orc
  6750 | D:6      | Killed Goaboa's ghost
  6806 | D:6      | Killed Crazy Yiuf
  6806 | D:6      | Reached skill level 10 in Axes
  7240 | D:7      | Found a sparkling altar of Nemelex Xobeh.
  7323 | D:7      | Found a shadowy altar of Dithmenos.
  7573 | D:8      | Reached ***** piety under Trog
  7730 | D:8      | You fall into a shaft and drop 3 floors!
  7899 | D:11     | Noticed a cyclops
  7906 | D:11     | Killed a cyclops
  7906 | D:11     | Reached XP level 10. HP: 91/91 MP: 9/9
  7948 | D:11     | Got a fine leather armour
  7959 | D:11     | Identified the +1 leather armour "Viagir" {Str-5 Int+2
                  | Dex+4} (You found it on level 11 of the Dungeon)
  7987 | D:11     | Noticed an eight-headed hydra
  7996 | D:11     | Killed an eight-headed hydra
  8214 | D:10     | Entered Level 10 of the Dungeon
  8247 | D:10     | Noticed a death yak
  8282 | D:10     | Reached skill level 10 in Fighting
  8288 | D:10     | Found a staircase to the Orcish Mines.
  8366 | D:10     | Noticed a death yak
  8367 | D:10     | Noticed a death yak
  8368 | D:10     | Noticed a death yak
  8368 | D:10     | Noticed a death yak
  8369 | D:10     | Noticed a death yak
  8369 | D:10     | Noticed a death yak
  8374 | D:10     | Noticed a death yak
  8378 | D:10     | Killed a death yak
  8385 | D:10     | Killed a death yak
  8396 | D:10     | HP: 3/94 [death yak (5)]
  8401 | D:10     | Killed a death yak
  8402 | D:10     | Killed a death yak
  8402 | D:10     | Reached skill level 10 in Armour
  8404 | D:10     | Killed a death yak
  8404 | D:10     | Reached XP level 11. HP: 7/102 MP: 10/10
  8405 | D:10     | Killed a death yak
  8407 | D:10     | Killed a death yak
  8408 | D:10     | Killed a death yak
  8768 | D:10     | Found a staircase to the Lair.
  8874 | D:10     | Received a gift from Trog
  8962 | D:9      | Found a snail-covered altar of Cheibriados.
  9042 | D:9      | Got a transparent scale mail
  9058 | D:9      | Identified the cursed +0 scale mail of the First Stars
                  | {rN+} (You found it on level 9 of the Dungeon)
  9113 | D:9      | Found an iron altar of Okawaru.
  9195 | D:9      | Found an ancient bone altar of Kikubaaqudgha.
  9290 | D:9      | Found Ugritoh's Food Boutique.
  9339 | D:9      | Noticed Erica
  9357 | D:9      | Paralysed by Erica for 3 turns
  9365 | D:9      | Killed Erica
  9365 | D:9      | Reached skill level 10 in Dodging
  9732 | D:8      | Found a stormy altar of Qazlal.
  9889 | D:8      | Got a scorched war axe
  9894 | D:8      | Identified the +5 war axe of Disharmony {drain, rElec MR+}
                  | (You found it on level 8 of the Dungeon)
  9940 | D:8      | Found Ywyaxij's Antique Armour Shop.
  9956 | D:8      | Bought a runed chain mail for 210 gold pieces
  9961 | D:8      | Bought a runed chain mail for 210 gold pieces
  9971 | D:8      | Bought an embroidered scarf for 224 gold pieces
 10309 | D:10     | Noticed an unseen horror
 10325 | D:10     | Killed an unseen horror
 10347 | D:10     | Noticed Joseph
 10360 | D:10     | Killed Joseph
 10990 | D:11     | Noticed Harold
 11002 | D:11     | Killed Harold
 11074 | D:11     | Found Zinguleo's Food Boutique.
 11276 | D:11     | Got a heavily runed ring mail
 11287 | D:11     | Identified the +5 ring mail "Ritidgh" {Harm Int+4} (You
                  | found it on level 11 of the Dungeon)
 11385 | D:11     | Noticed a seven-headed hydra
 11391 | D:11     | Killed a seven-headed hydra
 11391 | D:11     | Reached XP level 12. HP: 115/115 MP: 11/11
 11839 | D:12     | Received a gift from Trog
 11857 | D:12     | Got a steaming broad axe {god gift}
 11858 | D:12     | Identified the +7 broad axe of Nightmares {vorpal, rN+
                  | Int+4} (Trog gifted it to you on level 12 of the Dungeon)
 12157 | D:12     | Found a blossoming altar of Fedhas.
 12799 | D:13     | Noticed a two-headed ogre
 12802 | D:13     | Noticed a centaur warrior
 12805 | D:13     | Killed a two-headed ogre
 12811 | D:13     | Killed a centaur warrior
 12938 | D:13     | Found a gate to the Vaults.
 12938 | D:13     | Noticed a vault guard
 12938 | D:13     | Noticed a vault guard
 12938 | D:13     | Noticed a vault guard
 12941 | D:13     | Noticed a vault guard
 12945 | D:13     | Killed a vault guard
 12949 | D:13     | Killed a vault guard
 12963 | D:13     | Killed a vault guard
 12964 | D:13     | Killed a vault guard
 13264 | D:13     | Received a gift from Trog
 13269 | D:13     | Reached XP level 13. HP: 124/124 MP: 12/12
 13719 | D:14     | You fall into a shaft and drop 1 floor!
 13719 | D:15     | Entered Level 15 of the Dungeon
 14577 | D:15     | Found an ancient bone altar of Kikubaaqudgha.
 14872 | D:15     | Found a staircase to the Depths.
 15135 | D:15     | Found Ciwerias's Gadget Emporium.
 15405 | Orc:1    | Entered Level 1 of the Orcish Mines
 15405 | Orc:1    | Noticed Urug
 15405 | Orc:1    | Noticed a stone giant
 15418 | Orc:1    | Killed a stone giant
 15422 | Orc:1    | Killed Urug
 15708 | Orc:1    | Found a dark tunnel.
 15717 | Volcano  | Entered a volcano
 15831 | Volcano  | Reached skill level 15 in Axes
 16017 | Volcano  | Found a burning altar of Makhleb.
 16032 | Volcano  | Noticed a stone giant
 16041 | Volcano  | Killed a stone giant
 16041 | Volcano  | Reached skill level 15 in Fighting
 16797 | Orc:2    | Entered Level 2 of the Orcish Mines
 16936 | Orc:2    | Found Ziasochi's General Store.
 17161 | Orc:2    | Found Ykaruo's Distillery.
 17282 | Orc:2    | Found a roughly hewn altar of Beogh.
 17422 | Orc:2    | Found Keqodool's Magic Scroll Emporium.
 17474 | Orc:2    | Bought a scroll of identify for 26 gold pieces
 17474 | Orc:2    | Bought a scroll of identify for 26 gold pieces
 17479 | Orc:2    | Found Ucysit's Book Shop.
 17601 | Orc:2    | Found a staircase to the Elven Halls.
 17676 | Orc:2    | Paralysed by an orc sorcerer for 5 turns
 18373 | Lair:1   | Entered Level 1 of the Lair of Beasts
 18470 | Lair:1   | Received a gift from Trog
 18474 | Lair:1   | Reached XP level 14. HP: 135/135 MP: 13/13
 18634 | Lair:1   | Got a heavily runed kite shield
 18645 | Lair:1   | Identified the +5 kite shield "Izeuc" {rPois Str+5} (You
                  | found it on level 1 of the Lair of Beasts)
 19253 | Lair:2   | Noticed Maggie
 19261 | Lair:2   | Killed Maggie
 19369 | Lair:2   | Found a staircase to the Shoals.
 20211 | Lair:3   | Reached skill level 5 in Shields
 20953 | Lair:4   | Reached skill level 6 in Shields
 21131 | Lair:4   | Found a runed translucent door.
 21135 | Lair:4   | Noticed lysyklops's ghost (journeyman MiBe)
 21136 | Lair:4   | Identified the cursed +1 spear "Womomoew" {vorpal, Fragile
                  | rF+ rN+ Str+3 Int+9}
 21251 | Lair:4   | Found a hole to the Spider Nest.
 21634 | Lair:4   | Reached skill level 7 in Shields
 21723 | Lair:4   | Reached ****** piety under Trog
 21732 | Lair:4   | Received a gift from Trog
 21794 | Lair:4   | Reached skill level 8 in Shields
 22450 | Lair:4   | Killed lysyklops's ghost
 22450 | Lair:4   | Reached XP level 15. HP: 144/144 MP: 14/14
 22759 | Lair:5   | Reached skill level 9 in Shields
 23180 | Lair:5   | Found a staircase to the Slime Pits.
 23183 | Lair:5   | Found a viscous altar of Jiyva.
 23565 | Lair:6   | Entered Level 6 of the Lair of Beasts
 23575 | Lair:6   | Reached skill level 10 in Shields
 23585 | Lair:6   | Received a gift from Trog
 24025 | Lair:6   | Reached skill level 11 in Shields
 24446 | Lair:6   | Found a burning altar of Makhleb.
 24489 | Lair:6   | Found a gateway to Hell.
 24496 | Lair:6   | Identified the Collected Works on the Traveller and Stolen
                  | Souls
 24874 | Hell     | Entered the Vestibule of Hell
 24874 | Hell     | Noticed Geryon
 24889 | Hell     | Noticed a hellephant
 25370 | Lair:1   | Got a smoking hunting sling
 25371 | Lair:1   | Identified the +5 hunting sling "Peuplaaw" {speed, *Drain
                  | +Inv rN+ Dex+2} (You found it on level 1 of the Lair of
                  | Beasts)
 25474 | Spider:1 | Entered Level 1 of the Spider Nest
 25489 | Spider:1 | Received a gift from Trog
 25489 | Spider:1 | Reached skill level 12 in Shields
 25806 | Spider:1 | Got a faintly humming ring mail
 25817 | Spider:1 | Identified the +4 ring mail "Unupnal" {Harm rCorr Dex+4}
                  | (You found it on level 1 of the Spider Nest)
 26212 | Spider:1 | Noticed Asterion
 26213 | Spider:1 | Noticed an Executioner
 26227 | Spider:1 | Killed Asterion
 26227 | Spider:1 | Reached XP level 16. HP: 154/154 MP: 0/15
 26347 | Spider:1 | Got a sparkling amethyst amulet
 26589 | Spider:1 | Reached skill level 13 in Shields
 27372 | Spider:2 | Identified the amulet of Saurghacy {Faith Fragile Str+7
                  | Dex+2 Stlth+} (You found it on level 1 of the Spider Nest)
 27502 | Spider:3 | Received a gift from Trog
 27977 | Spider:4 | Entered Level 4 of the Spider Nest
 27990 | Spider:4 | Reached skill level 14 in Shields
 28538 | Spider:4 | Reached skill level 15 in Shields
 28541 | Spider:4 | Noticed Louise
 28555 | Spider:4 | Killed Louise
 28586 | Spider:4 | Received a gift from Trog
 29198 | Spider:4 | Reached XP level 17. HP: 162/162 MP: 16/16
 29199 | Spider:4 | Reached skill level 16 in Shields
 29232 | Spider:4 | Got a gossamer rune of Zot
 29770 | Vaults:1 | Entered Level 1 of the Vaults
 29781 | Vaults:1 | Identified a scroll of acquirement
 29938 | Vaults:1 | Found a ruined gateway.
 29945 | Desolati | Entered the Desolation of Salt
 30152 | Desolati | Got a fine bronze amulet
 30292 | Desolati | Received a gift from Trog
 30505 | Desolati | Reached skill level 17 in Shields
 30885 | Desolati | Got a smoking jade ring
 30887 | Desolati | Identified the ring "Mowi" {rF++ Str+6 Dex+4 Stlth+} (You
                  | found it in the Desolation of Salt)
 30900 | Desolati | Identified the amulet of Attitude {Acrobat rPois rC+ Str+2
                  | Int+2} (You found it in the Desolation of Salt)
 30908 | Desolati | Got a glimmering crystal plate armour
 30920 | Desolati | Identified the +8 crystal plate armour of Wasted Space
                  | {+Fly rN+ Dex-3 Slay+2} (You found it in the Desolation of
                  | Salt)
 30927 | Desolati | Identified the Catalogue of Conjuration
 30935 | Desolati | Identified the Papyrus of the Aerial Blaze
 31013 | Desolati | Reached skill level 15 in Armour
 31027 | Desolati | Received a gift from Trog
 31324 | Desolati | Got a crude jade ring
 31326 | Desolati | Identified the ring of Qazlal's Indignation {rPois rC++ MR-
                  | Str+3 Dex+6} (You found it in the Desolation of Salt)
 31405 | Desolati | Got a jewelled spear
 31406 | Desolati | Identified the +11 spear of Superiority {antimagic, SInv}
                  | (You found it in the Desolation of Salt)
 31792 | Vaults:1 | Reached XP level 18. HP: 174/174 MP: 17/17
 32037 | Vaults:1 | Received a gift from Trog
 32511 | Vaults:2 | Found Saoniy's General Store.
 32642 | Vaults:2 | Found Ylairr's Antique Weapon Boutique.
 32656 | Vaults:2 | Found Hacib's Weapon Shoppe.
 32703 | Vaults:2 | Received a gift from Trog
 32859 | Vaults:2 | Found a staircase to the Crypt.
 32943 | Vaults:2 | Found Muasad's Gadget Emporium.
 33251 | Vaults:2 | Found Ellubud's Gadget Shoppe.
 33255 | Vaults:2 | Noticed Mennas
 33282 | Vaults:2 | Killed Mennas
 33791 | Vaults:2 | Bought a scroll of fog for 42 gold pieces
 33791 | Vaults:2 | Bought a ration for 105 gold pieces
 33791 | Vaults:2 | Bought a ration for 105 gold pieces
 33927 | Vaults:2 | Acquired a manual of Shields
 34050 | Vaults:3 | Found Lakhown's Armour Boutique.
 34083 | Vaults:3 | Reached skill level 18 in Shields
 34144 | Vaults:3 | Received a gift from Trog
 34186 | Vaults:3 | Reached skill level 19 in Shields
 34518 | Vaults:3 | Reached skill level 20 in Shields
 34617 | Vaults:3 | Noticed Saint Roka
 34633 | Vaults:3 | Killed Saint Roka
 34633 | Vaults:3 | Reached XP level 19. HP: 182/182 MP: 18/18
 35064 | Vaults:3 | Reached skill level 21 in Shields
 35066 | Vaults:3 | Received a gift from Trog
 35408 | Vaults:2 | Bought a wand of digging (3) for 224 gold pieces
 36129 | Vaults:4 | Reached skill level 22 in Shields
 36388 | Vaults:4 | Received a gift from Trog
 36763 | Vaults:4 | Paralysed by an ogre mage for 6 turns
 36772 | Vaults:4 | Reached skill level 23 in Shields
 37119 | Vaults:4 | Paralysed by a great orb of eyes for 6 turns
 37611 | Shoals:1 | Entered Level 1 of the Shoals
 37660 | Shoals:1 | Received a gift from Trog
 37969 | Shoals:1 | Found Ujett's Island Escapes.
 38374 | Shoals:1 | Bought a scroll of teleportation for 42 gold pieces
 38374 | Shoals:1 | Bought a scroll of teleportation for 42 gold pieces
 38470 | Shoals:2 | Noticed Polyphemus
 38497 | Shoals:2 | Killed Polyphemus
 39300 | Shoals:2 | Received a gift from Trog
 39480 | Shoals:3 | Reached XP level 20. HP: 188/188 MP: 19/19
 39599 | Shoals:3 | Noticed Nikola
 39611 | Shoals:3 | Killed Nikola
 39873 | Shoals:3 | Noticed Ilsuiw
 39960 | Shoals:3 | Killed Ilsuiw
 40127 | Shoals:4 | Entered Level 4 of the Shoals
 40129 | Shoals:4 | Found a glowing silver altar of Zin.
 40226 | Shoals:4 | Noticed Aizul
 40235 | Shoals:4 | Killed Aizul
 40531 | Shoals:4 | Found a shimmering altar of Xom.
 40657 | Shoals:4 | Received a gift from Trog
 40692 | Shoals:4 | Acquired a +1 pair of gloves of dexterity
 41131 | Shoals:4 | Got a barnacled rune of Zot
 41229 | Shoals:4 | Got a brightly glowing fustibalus
 41230 | Shoals:4 | Identified the +1 fustibalus of Gesutum {vorpal, rN++ Str+3
                  | Dex+3} (You found it on level 4 of the Shoals)
 41595 | Elf:1    | Entered Level 1 of the Elven Halls
 41611 | Elf:1    | Received a gift from Trog
 41676 | Elf:1    | Found a magical portal.
 42018 | Elf:1    | Received a gift from Trog
 42039 | Elf:1    | Identified the Compendium of Stolen Souls
 42778 | Elf:2    | Received a gift from Trog
 42813 | Elf:2    | Got a twisted whip
 42814 | Elf:2    | Identified the +7 whip "Boly" {flame, rC- Int+3 Stlth+}
                  | (You found it on level 2 of the Elven Halls)
 43242 | Elf:2    | Found a runed translucent gate.
 43242 | Elf:2    | Found a runed translucent gate.
 43242 | Elf:2    | Found a runed translucent gate.
 43395 | Elf:2    | Reached XP level 21. HP: 201/201 MP: 20/20
 43617 | Elf:3    | Entered Level 3 of the Elven Halls
 43680 | Elf:3    | Found Maonacol's General Store.
 43691 | Elf:3    | Bought a potion of mutation for 120 gold pieces
 43691 | Elf:3    | Bought a scroll of fog for 30 gold pieces
 43691 | Elf:3    | Bought a scroll of teleportation for 45 gold pieces
 43987 | Elf:3    | Received a gift from Trog
 44132 | Elf:3    | Identified Roxanne's Grimoire of the Mountains
 44132 | Elf:3    | Noticed Roxanne
 44170 | Elf:3    | Killed Roxanne
 44901 | Elf:3    | Identified the cursed ring "Ylu Xesch" {rF+ EV-4 Str+2
                  | Dex+3 Stlth+}
 44909 | Elf:3    | Identified the +8 war axe of Defiance {antimagic, rElec
                  | Int+2}
 44909 | Elf:3    | Identified the ring "Fistell" {rF+ MR+}
 44912 | Elf:3    | Identified the +2 rapier "Hokk" {flame, *Drain +Rage +Fly
                  | rN+++ SInv}
 45080 | Elf:3    | Got a pair of faintly glowing gloves
 45086 | Elf:3    | Identified the +3 pair of gloves of Broken Taboos {rF+
                  | Str-5 Int+3 Dex+4} (You found it on level 3 of the Elven
                  | Halls)
 45097 | Elf:3    | Identified the +7 broad axe of Uncertain Death {flame,
                  | rPois rN+ Dex+4}
 45097 | Elf:3    | Identified the cursed +1 robe of Going Fast {*Contam rC+
                  | Dex+4}
 45143 | Elf:3    | Identified the Disquisition on Frigorific Battle Magic
 45449 | Elf:3    | Got an iridescent halberd
 45842 | Vaults:2 | Got a pair of encrusted boots
 45853 | Vaults:2 | Identified the +2 pair of boots of Floral Beauty {Str+5
                  | Int+5} (You found it on level 2 of the Vaults)
 46062 | Lair:1   | Acquired the +14 obsidian axe {vorpal, +Fly SInv *Curse}
 46063 | Lair:1   | Found the +14 obsidian axe {vorpal, +Fly SInv *Curse}
 46163 | Slime:1  | Entered Level 1 of the Pits of Slime
 46186 | Slime:1  | Gained mutation: You are frail. (-10% HP) [a shining eye]
 46205 | Slime:1  | Received a gift from Trog
 46650 | Slime:1  | Gained mutation: Potions are less effective at restoring
                  | your health. [a shining eye]
 46931 | Slime:3  | Gained mutation: Your spells are a little easier to cast,
                  | but a little less powerful. [a shining eye]
 47349 | Slime:4  | Reached XP level 22. HP: 193/193 MP: 21/21
 48042 | Slime:5  | Entered Level 5 of the Pits of Slime
 48063 | Slime:5  | Gained mutation: Your body sometimes deteriorates upon
                  | taking damage. [a shining eye]
 48065 | Slime:5  | Gained mutation: Your body often deteriorates upon taking
                  | damage. [a shining eye]
 48123 | Slime:5  | Paralysed by a great orb of eyes for 5 turns
 48136 | Slime:5  | Slain by an acid blob

Illustrated notes

Levels and vault maps discovered:
D:1:      minmay_arrival_semitransparent, layout_basic
D:2:      layout_loops_corners, lemuel_crystal_altar, old_standard_altar,
          uniq_sigmund
D:3:      layout_basic
D:4:      layout_loops_ring, minmay_temple_entry_grid, first_ration, uniq_robin
D:5:      layout_basic, serial_shops, kennysheep_little_box,
          nicolae_gozag_cash_rules_everything_around_me
D:6:      layout_loops_ring, old_standard_altar, gammafunk_ghost_necromancy,
          uniq_blork_the_orc, uniq_crazy_yiuf_cottage
D:7:      layout_loops_cross, kennysheep_mini, basic_altar
D:8:      layout_gridville, old_standard_altar, serial_shops,
          nicolae_shop_temple_entry_statues_fountains,
          hangedman_little_slice_of_home
D:9:      layout_rooms, marbit_many_paths, cheibriados_altar_1,
          lemuel_coloured_pillars_altar, serial_shops, nicolae_shop_trees,
          uniq_erica
D:10:     layout_long_grid, dpeg_lair_monsters, erik_orc_1, uniq_joseph
D:11:     layout_basic, serial_shops, nicolae_shop_crystal, uniq_harold
D:12:     layout_basic, fedhas_altar_2
D:13:     layout_long_grid, lightli_vaults_fourway_checkpoint
D:14:     layout_cave_pools, wad_floor_pattern_1
D:15:     gammafunk_enter_depths_forms, layout_long_grid,
          serial_co_window_serial, co_window_paths_b, co_window_corner_a,
          co_window_corner_a, co_window_of_opportunity_a, co_window_corner_a,
          co_window_corner_ca, co_window_corner_b, co_window_corner_b,
          co_window_broadway_a, co_window_corner_ca, co_window_2corner,
          co_window_corner_b, glass_columns_b, glass_columns_a, serial_shops,
          nicolae_shop_behind_doors, chequers_serial_rivers_marsh,
          lemuel_tele_altar
Lair:1:   layout_loops_ring, serial_bayou_ford_a, grunt_megastairs_4
Lair:2:   layout_gridlike, elwin_shoals_entry_rocks, uniq_maggie
Lair:3:   layout_small_grid, minmay_lair_oklob_chamber
Lair:4:   regret_index_combs_of_tragedy, layout_regular_city,
          spider_nest_entry_webs, ebering_ghost_funeral_grove
Lair:5:   layout_cellular_growth, slime_altar_1, serial_bayou_shore_b,
          grunt_megastairs_3
Lair:6:   evil_forest, layout_regular_city, infiniplex_staircase_pool_2,
          grunt_megastairs_2
Shoals:1: layout_shoals, nicolae_island_escapes
Shoals:2: layout_shoals, uniq_polyphemus
Shoals:3: layout_shoals, nicolae_shoals_loop_pool, uniq_nikola, uniq_ilsuiw
Shoals:4: shoals_end_simple, layout_shoals, hangedman_feature_mirror, uniq_aizul
Spider:1: layout_spider_delve, uniq_asterion
Spider:2: layout_spider_delve
Spider:3: layout_spider_delve
Spider:4: floodkiller_spider_rune_tomb, guppyfry_spider_mini_2, uniq_louise
Slime:1:  layout_caves, cheibrodos_slime_lost_civilization_6
Slime:2:  layout_caves
Slime:3:  layout_caves
Slime:4:  cheibrodos_slime_lost_civilization_1, layout_caves,
          nicolae_slime_barrier
Slime:5
Orc:1:    layout_caves, enter_volcano_2, uniq_urug
Orc:2:    st_orc_town, layout_caves
Elf:1:    layout_geoelf_octagon, mu_enter_wizlab_1, minmay_elf_necromancy,
          hex_intersection
Elf:2:    layout_geoelf_diagonals
Elf:3:    elf_hall, layout_geoelf_castle, serial_shops, shop, uniq_roxanne
Vaults:1: v_pattern_4, v_misc_4, ontoclasm_vaults_spin, v_misc_9, v_misc_1,
          nicolae_vaults_circle_grid_a, v_alt_pattern_6, vaults_room_door_ring,
          ontoclasm_vaults_ligature, v_alt_pattern_1, layout_vaults_big_room,
          portal_desolation_entry_salt
Vaults:2: ontoclasm_vaults_ring_small, v_misc_15,
          minmay_crypt_entry_simple_statues, vaults_room_fancy_cross,
          nicolae_vaults_little_squares_2, v_misc_5, vaults_mumra_chevron,
          nicolae_vaults_shelves_hall, vaults_room_large_hall,
          hangedman_vaults_impose, v_misc_29, v_misc_28, layout_vaults_omnibox,
          serial_shops, nicolae_shop_stone, nicolae_shop_crystal, shop,
          shop_fountains, nicolae_shop_trees, uniq_mennas
Vaults:3: hangedman_vaults_stretched_pinwheel, nicolae_vaults_sealed_display,
          vaults_dpeg_spiral, v_misc_10, vaults_room_pool,
          vaults_room_guarded_vault, nicolae_vaults_mini_display_case,
          ontoclasm_vaults_fault, nicolae_vaults_angled_halls,
          vaults_standard_mumra_x, layout_vaults_maze_snakey, serial_shops,
          shop, uniq_saint_roka
Vaults:4: nicolae_vaults_circle_grid_b, vaults_mumra_minichess, v_pattern_2,
          nicolae_vaults_big_ls, nicolae_vaults_network_quinsquares
          [nicolae_vaults_network_quincunx_subvault,
          nicolae_vaults_network_quincunx_subvault,
          nicolae_vaults_network_quincunx_subvault,
          nicolae_vaults_network_quincunx_subvault], nicolae_vaults_alarming,
          ontoclasm_vaults_shuriken, nicolae_vaults_network_s, v_alt_pattern_1,
          ontoclasm_vaults_decontamination, layout_vaults_quadrants,
          uniq_margery
Hell

Skill      XL: |  1  2  3  4  5  6  7  8  9 10 11 12 13 14 15 16 17 18 19 20 21 |
---------------+----------------------------------------------------------------+-----
Fighting       | 4 5 6 7 9 11 13 14 15 16 17 18 19 21 22 | 22.5
Axes           | 4 5 6 7 9 10 13 15 17 18 19 20 21 22 | 22.9
Armour         | 3 4 5 8 10 11 12 13 14 15 18 19 20 | 20.8
Dodging        | 3 4 5 7 9 11 12 | 12.3
Shields        | 1 3 4 8 12 15 17 20 23 | 23.3
Stealth        | |  0.8
Evocations     | |  0.5

Action                   |  1- 3 |  4- 6 |  7- 9 | 10-12 | 13-15 | 16-18 | 19-21 | 22-24 || total
-------------------------+-------+-------+-------+-------+-------+-------+-------+-------++-------
Melee: Hand axe          |    45 |   170 |   167 |       |       |       |       |       ||   382
       Headbutt          |     2 |    26 |    94 |   167 |   309 |   298 |   411 |    22 ||  1329
       Whip              |       |       |   155 |   335 |       |       |       |       ||   490
       Broad axe         |       |       |       |   118 |   948 |   769 |   157 |    49 ||  2041
       War axe           |       |       |       |       |       |   148 |  1064 |       ||  1212
Invok: Berserk           |     3 |     5 |     6 |     9 |    12 |     2 |    14 |     1 ||    52
       Trog's Hand       |       |       |     1 |     1 |     4 |     3 |    38 |     2 ||    49
       Brothers in Arms  |       |       |       |     3 |     5 |    12 |    13 |       ||    33
 Abil: Evoke Flight      |       |       |       |       |       |       |     2 |       ||     2
  Use: Potion            |       |     3 |       |       |     1 |       |     2 |     2 ||     8
       Scroll            |       |       |       |    15 |     1 |    18 |     6 |       ||    40
 Stab: Sleeping          |       |       |     5 |     1 |       |       |       |       ||     6
       Confused          |       |       |       |     2 |       |       |       |       ||     2
       Distracted        |       |       |       |     1 |       |       |     2 |       ||     3
       Held in net/web   |       |       |       |     2 |       |       |       |       ||     2
       Petrifying        |       |       |       |       |     1 |       |       |       ||     1
       Petrified         |       |       |       |       |       |       |     7 |       ||     7
  Eat: Chunk             |     2 |    10 |    10 |    21 |    35 |    21 |    47 |       ||   146
       Ration            |       |     1 |     3 |     2 |     6 |     4 |     8 |     2 ||    26
Armor: Animal skin       |     2 |     2 |       |       |       |       |       |       ||     4
       Ring mail         |       |    35 |    43 |    19 |       |       |       |       ||    97
       Chain mail        |       |       |       |    81 |   255 |   131 |       |       ||   467
       Scale mail        |       |       |       |     2 |       |       |       |       ||     2
       Crystal plate arm |       |       |       |       |       |    85 |   300 |    59 ||   444
Dodge: Dodged            |    38 |    85 |   106 |   195 |   400 |   315 |   347 |    27 ||  1513
Block: Buckler           |       |    28 |   127 |   250 |   150 |       |       |       ||   555
       Reflection        |       |       |     5 |     8 |    11 |       |       |       ||    24
       Kite shield       |       |       |       |       |   644 |   842 |  1007 |    28 ||  2521
